 Dungeon Crawl Stone Soup version 0.18.1-48-g4cf74bf (webtiles) character file.

11652 nikopol the Cleaver (level 11, -5/102 HPs)
             Began as a Minotaur Berserker on June 26, 2016.
             Was a High Priest of Trog.
             Slain by a ten-headed hydra (12 damage)
             ... on level 2 of the Lair of Beasts.
             The game lasted 00:30:13 (12028 turns).

nikopol the Cleaver (Minotaur Berserker)           Turns: 12028, Time: 00:30:14

Health: -5/102     AC: 16    Str: 25    XL:     11   Next: 52%
Magic:  3/3        EV: 15    Int:  4    God:    Trog [*****.]
Gold:   628        SH:  0    Dex: 12    Spells: 0 memorised, 10 levels left

rFire  + . .     SeeInvis +     x - +3 battleaxe (antimagic)
rCold  . . .     Gourm    .     r - +1 scale mail {rF+}
rNeg   . . .     Faith    .     (shield currently unavailable)
rPois  .         Spirit   .     b - +1 hat {SInv}
rElec  .         Dismiss  .     o - +0 cloak
rCorr  +         Reflect  .     Q - +0 pair of gloves
SustAt .         Harm     .     a - +1 pair of boots
MR     .....                    (no amulet)
Stlth  ..........               H - ring of resist corrosion
                                k - +2 ring of strength

@: not resistant to hostile enchantments, extremely unstealthy
A: retaliatory headbutt, horns 2
a: Berserk, Trog's Hand, Brothers in Arms, Burn Spellbooks, Renounce Religion


You were on level 2 of the Lair of Beasts.
You worshipped Trog.
Trog was extremely pleased with you.
You were not hungry.

You visited 2 branches of the dungeon, and saw 10 of its levels.

You collected 628 gold pieces.

Inventory:

Hand Weapons
 c - a +2 shortbow of evasion
 x - a +3 antimagic battleaxe (weapon)
Missiles
 w - 167 arrows (quivered)
Armour
 a - a +1 pair of boots (worn)
 b - a +1 hat of see invisible (worn)
 o - a +0 cloak (worn)
 r - a +1 scale mail of fire resistance (worn)
 z - the +0 plate armour of Viecobull {rElec MR+ Str+3 Int-2}
   (You found it on level 7 of the Dungeon)

   It affects your strength (+3).
   It affects your intelligence (-2).
   It insulates you from electricity.
   It affects your resistance to hostile enchantments.
 Q - a +0 pair of gloves (worn)
Jewellery
 k - a +2 ring of strength (left hand)
 H - a ring of resist corrosion (right hand)
Wands
 f - a wand of teleportation (9/9)
 g - a wand of lightning (9/15)
 F - a wand of disintegration (14/24)
Scrolls
 i - 6 scrolls of magic mapping
 l - 3 scrolls of identify
 m - 8 scrolls of remove curse
 n - 5 scrolls of teleportation
 t - 2 scrolls of recharging
 B - 3 scrolls of enchant weapon
Potions
 d - 4 potions of flight
 e - 3 potions of cure mutation
 h - 5 potions of curing
 j - a potion of resistance
 p - 2 potions of agility
 s - 4 potions of heal wounds
 v - 2 potions of magic
 A - a potion of cancellation {unknown}
 C - a potion of mutation {unknown}
 D - a potion of ambrosia {unknown}
 G - a potion of lignification {unknown}
 I - a potion of haste {unknown}
Comestibles
 q - 9 bread rations
 E - 6 beef jerkies
 N - 8 fruits


   Skills:
 + Level 11.0 Fighting
 * Level 11.8 Axes
 * Level 5.5 Bows
 + Level 10.5 Armour
 + Level 9.6 Dodging


You had 10 spell levels left.
You didn't know any spells.

Dungeon Overview and Level Annotations

Branches:
Dungeon (8/15)             Temple (0/1) D:6            Lair (2/8) D:8

Altars:
Ashenzari
Cheibriados
Dithmenos
Elyvilon
Fedhas
Gozag
Okawaru
Sif Muna
Trog
Vehumet
Yredelemnul

Shops:
D:8 :


Innate Abilities, Weirdness & Mutations

You reflexively headbutt those who attack you in melee.
You have a pair of horns on your head.


Message History

The ten-headed hydra bites you but does no damage.
The ten-headed hydra bites you!
* * * LOW HITPOINT WARNING * * *
The ten-headed hydra closely misses you.
The ten-headed hydra bites you but does no damage.
The ten-headed hydra bites you!
* * * LOW HITPOINT WARNING * * *
The ten-headed hydra bites you!
* * * LOW HITPOINT WARNING * * *
The ten-headed hydra misses you.
You're too hungry to go berserk.
Eat which item? (? for menu, Esc to quit)
The ten-headed hydra misses you.
The ten-headed hydra bites you but does no damage.
The ten-headed hydra completely misses you.
The ten-headed hydra bites you but does no damage.
The ten-headed hydra bites you.
* * * LOW HITPOINT WARNING * * *
The ten-headed hydra bites you!
You die...

..##.†......#
..#..#.P.P.##
...#####..## ⌠.>##
###.## ....###.#+.##
#### #
...##.......#####.#.#P##
..###.......+.#P........
.##.P.[.......##.....<..
## .+.......P...@D......
# #........#..#........
##........#.+........
#.......###.$.......
###.#.P## #........
#..## ######### ###


You could see a ten-headed hydra.

Vanquished Creatures
  Gastronok (Lair:2)
  A griffon (Lair:2)
  A black mamba (Lair:1)
  Joseph (D:7)
  2 spiny frogs
  A komodo dragon (D:8)
  2 two-headed ogres
  5 blink frogs (Lair:2)
  2 wyverns (D:8)
  4 yaks (Lair:1)
  A hungry ghost (D:7)
  Edmund (D:4)
  2 water moccasins (Lair:1)
  Duvessa (D:7)
  4 porcupines
  5 sky beasts
  A black bear (D:8)
  An orc warrior (D:6)
  2 ice beasts
  3 phantoms
  4 ogres
  A crocodile (Lair:1)
  3 centaurs (D:8)
  11 big kobolds
  7 giant frogs
  Dowan (D:7)
  A scorpion (D:8)
  5 wights (D:7)
  3 howler monkeys
  2 electric eels (Lair:1)
  3 crimson imps
  A giant frog zombie (D:5)
  2 quasits
  A giant frog skeleton (D:6)
  2 hounds
  3 jellies
  7 orc priests
  7 orc wizards
  A centaur skeleton (D:6)
  Terence (D:2)
  5 iguanas
  8 worker ants
  5 sheep (Lair:2)
  A hound skeleton (D:8)
  A howler monkey skeleton (D:3)
  12 adders
  8 gnolls
  8 river rats (Lair:1)
  2 shadow imps (D:8)
  An ooze (D:3)
  2 adder skeletons
  An adder zombie (D:5)
  4 worms
  2 dart slugs
  7 giant geckos
  29 orcs
  10 giant cockroaches
  13 goblins
  10 hobgoblins
  8 jackals
  17 kobolds
  4 quokkas
  A ball python (D:1)
  7 bats
  2 giant newts (D:1)
  7 rats
282 creatures vanquished.

Vanquished Creatures (others)
  A fungus (Lair:1)
  A plant (D:8)
2 creatures vanquished.

Grand Total: 284 creatures vanquished

Notes
Turn   | Place    | Note
--------------------------------------------------------------
     0 | D:1      | nikopol the Minotaur Berserker began the quest for the Orb.
     0 | D:1      | Reached XP level 1. HP: 19/19 MP: 0/0
    58 | D:1      | Reached XP level 2. HP: 21/27 MP: 1/1
   392 | D:1      | Reached XP level 3. HP: 26/33 MP: 2/2
   776 | D:1      | Reached ** piety under Trog
  1190 | D:2      | Reached XP level 4. HP: 35/40 MP: 3/3
  1301 | D:2      | Noticed Terence
  1306 | D:2      | Killed Terence
  1931 | D:3      | Reached XP level 5. HP: 38/47 MP: 4/4
  2045 | D:3      | Found a white marble altar of Elyvilon.
  2250 | D:3      | Reached skill level 5 in Axes
  2311 | D:3      | Reached *** piety under Trog
  2610 | D:4      | Noticed Edmund
  2619 | D:4      | Killed Edmund
  2619 | D:4      | Reached skill level 5 in Fighting
  2619 | D:4      | Reached XP level 6. HP: 56/56 MP: 5/5
  2982 | D:4      | Reached skill level 5 in Armour
  3167 | D:4      | Found a deep blue altar of Sif Muna.
  3350 | D:4      | Reached XP level 7. HP: 37/62 MP: 6/6
  4353 | D:5      | Entered Level 5 of the Dungeon
  4654 | D:5      | Reached skill level 5 in Dodging
  4779 | D:5      | Reached XP level 8. HP: 68/71 MP: 7/7
  5567 | D:6      | Found a bloodstained altar of Trog.
  5578 | D:6      | Reached **** piety under Trog
  5618 | D:6      | Found a bloodstained altar of Trog.
  5621 | D:6      | Found a snail-covered altar of Cheibriados.
  5621 | D:6      | Found a shadowy altar of Dithmenos.
  5621 | D:6      | Found an iron altar of Okawaru.
  5623 | D:6      | Found a blossoming altar of Fedhas.
  5623 | D:6      | Found a basalt altar of Yredelemnul.
  5624 | D:6      | Found a radiant altar of Vehumet.
  5964 | D:6      | Found a staircase to the Ecumenical Temple.
  6204 | D:7      | Noticed Duvessa
  6206 | D:7      | Reached XP level 9. HP: 45/81 MP: 8/8
  6210 | D:7      | Killed Duvessa
  6231 | D:7      | Noticed Dowan
  6242 | D:7      | Killed Dowan
  6438 | D:7      | Got a jade-encrusted plate armour
  6457 | D:7      | Identified the cursed +0 plate armour of Viecobull {rElec MR+ Str+3 Int-2} (You found it on level 7 of the Dungeon)
  6550 | D:7      | Noticed Joseph
  6570 | D:7      | Killed Joseph
  6606 | D:7      | Got a smoking jade ring
  7024 | D:7      | Reached ***** piety under Trog
  7514 | D:7      | Found a shattered altar of Ashenzari.
  7751 | D:8      | Reached XP level 10. HP: 92/92 MP: 9/9
  8541 | D:8      | Reached skill level 10 in Fighting
  8895 | D:8      | Found a staircase to the Lair.
  8915 | D:8      | Reached skill level 10 in Axes
  9099 | D:8      | Found Zirel's Book Shoppe.
  9263 | D:8      | Reached skill level 1 in Bows
  9573 | D:8      | Found an opulent altar of Gozag.
  9792 | Lair:1   | Entered Level 1 of the Lair of Beasts
  9792 | Lair:1   | Noticed a black mamba
  9799 | Lair:1   | Killed a black mamba
 10552 | Lair:1   | Received a gift from Trog
 10890 | Lair:1   | Lost intelligence.
 10890 | Lair:1   | Identified the ring of Voudghepu {MP+9 Int-4 Dex+2 SInv Stlth-} (You found it on level 7 of the Dungeon)
 11067 | Lair:1   | Reached skill level 10 in Armour
 11117 | Lair:1   | Noticed a spiny frog
 11123 | Lair:1   | Killed a spiny frog
 11123 | Lair:1   | Reached XP level 11. HP: 101/101 MP: 3/10
 11529 | Lair:2   | Noticed a griffon
 11540 | Lair:2   | Killed a griffon
 11959 | Lair:2   | Noticed Gastronok
 11977 | Lair:2   | Killed Gastronok
 11977 | Lair:2   | Reached skill level 5 in Bows
 12019 | Lair:2   | Noticed a six-headed hydra
 12028 | Lair:2   | Slain by a ten-headed hydra

Skill      XL: |  1  2  3  4  5  6  7  8  9 10 11 |
---------------+----------------------------------+-----
Axes           | 4 5 6 8 9 11 | 11.8
Armour         | 3 4 5 6 7 8 10 | 10.5
Fighting       | 4 5 6 8 9 10 11 | 11.0
Dodging        | 3 4 5 6 8 9 |  9.6
Bows           | 3 5 |  5.5

Action                   |  1- 3 |  4- 6 |  7- 9 | 10-12 || total
-------------------------+-------+-------+-------+-------++-------
Melee: Hand axe          |    67 |   149 |   125 |       ||   341
       Headbutt          |    12 |    32 |    66 |    47 ||   157
       War axe           |       |       |   198 |   144 ||   342
       Battleaxe         |       |       |       |    54 ||    54
 Fire: Shortbow          |       |       |       |   101 ||   101
Invok: Berserk           |       |     2 |     4 |     1 ||     7
       Burn Spellbooks   |       |       |       |     1 ||     1
  Use: Scroll            |       |       |    10 |     8 ||    18
  Eat: Chunk             |     1 |     9 |    15 |     9 ||    34
       Pizza             |       |       |     1 |       ||     1
       Royal jelly       |       |       |     1 |       ||     1
       Meat ration       |       |       |       |     2 ||     2
Armor: Ring mail         |    22 |     1 |       |       ||    23
       Scale mail        |       |    74 |   116 |   114 ||   304
Dodge: Dodged            |    42 |    97 |   190 |   228 ||   557
